 Dungeon Crawl Stone Soup version 0.25-a0-528-g6b7c99946c (webtiles) character file.

Game seed: 14060051518169809229, levelgen mode: classic

20454 EnegeticOcto the Cleaver (level 12, -6/116 HPs)
             Began as a Deep Dwarf Fighter on Feb 19, 2020.
             Was a High Priest of Makhleb.
             Killed from afar by Frances (56 damage)
             ... with a shard of ice
             ... on level 13 of the Dungeon.
             The game lasted 00:06:23 (7781 turns).

EnegeticOcto the Cleaver (Deep Dwarf Fighter)       Turns: 7781, Time: 00:06:23

Health: -6/116     AC: 19    Str: 25    XL:     12   Next: 45%
Magic:  8/8        EV: 12    Int:  9    God:    Makhleb [*****.]
Gold:   772        SH: 13    Dex: 12    Spells: 11/11 levels left

rFire    + . .     SeeInvis .   a - +1 war axe
rCold    + . .     Gourm    .   c - +1 kite shield
rNeg     . . .     Faith    .   s - +0 plate armour
rPois    .         Spirit   .   L - +2 hat
rElec    .         Reflect  .   l - scarf {rC+ rF+}
rCorr    .         Harm     +   (no gloves)
MR       +....                  D - +2 pair of boots
Stlth    ..........             i - amulet of harm
HPRegen  0.00/turn              (no ring)
MPRegen  0.11/turn              w - +3 ring of evasion

@: non-regenerating
A: damage resistance, heal wounds, sense surroundings 2, no regeneration
a: Heal Wounds, Minor Destruction, Lesser Servant of Makhleb, Major Destruction,
Greater Servant of Makhleb, Renounce Religion


You were on level 13 of the Dungeon.
You worshipped Makhleb.
Makhleb was extremely pleased with you.
You were not hungry.

You visited 2 branches of the dungeon, and saw 14 of its levels.

You collected 772 gold pieces.

Inventory:

Hand Weapons
 a - a +1 war axe (weapon)
Armour
 c - a +1 kite shield (worn)
 l - a scarf of resistance (worn)
 s - a +0 plate armour (worn)
 D - a +2 pair of boots (worn)
 L - a +2 hat (worn)
Jewellery
 i - an amulet of harm (around neck)
 w - a +3 ring of evasion (right hand)
Wands
 v - a wand of disintegration (17)
 C - a wand of iceblast (9)
 K - a wand of paralysis (7)
 O - a wand of flame (8)
Scrolls
 b - 2 scrolls of blinking {@r3}
 p - 4 scrolls of teleportation {@r2}
 x - a scroll of immolation {@r4}
 y - 3 scrolls of enchant weapon
 z - 5 scrolls of enchant armour
 A - 4 scrolls of remove curse {@r6}
 H - a scroll of magic mapping {@r5}
Potions
 d - 3 potions of degeneration
 f - 2 potions of brilliance
 h - 10 potions of curing {@q1}
 j - 3 potions of stabbing {@q5}
 k - a potion of might {@q3}
 m - a potion of resistance {@q6}
 n - 4 potions of haste {@q4}
 o - 2 potions of lignification {@q7}
 q - a potion of berserk rage
 r - 3 potions of invisibility
 t - a potion of flight
 B - a potion of heal wounds {@q2}
 E - a potion of ambrosia
 I - 2 potions of magic {unknown}
 J - a potion of cancellation
Comestibles
 e - 19 rations
 u - 6 chunks of flesh


   Skills:
 * Level 9.9 Fighting
 * Level 11.3 Axes
 + Level 8.6 Armour
 + Level 7.9 Dodging
 + Level 8.6 Shields
 * Level 11.0 Invocations


You had 11 spell levels left.
You didn't know any spells.
Your spell library was empty.

Dungeon Overview and Level Annotations

Branches:
Dungeon (13/15)            Temple (1/1) D:5            Lair (0/6) D:10
    Orc (0/2) D:12
 Vaults: D:13-14

Altars:
Ashenzari
Cheibriados
Dithmenos
Elyvilon
Gozag
Hepliaklqana
Kikubaaqudgha
Makhleb
Nemelex Xobeh
Okawaru
Ru
Sif Muna
Trog
Uskayaw
Vehumet
Wu Jian
Xom
Yredelemnul
Zin
The Shining One
Beogh

Shops:
D:9 =

Annotations:
D:8 exclusions: ice statue and obsidian statue
D:13 Frances, Kirke


Innate Abilities, Weirdness & Mutations

You are resistant to damage.
You can heal yourself by infusing magical energy.
You passively map the area around you.
You do not regenerate.


Message History

Found a chain mail.
F - 2 scrolls of identify {@r1} (gained 1)
O - a wand of flame (8)
F - 3 scrolls of identify {@r1} (gained 1)
You swap places.
You see here a chain mail.
Your neqoxec disappears in a puff of smoke!
Done exploring.
Done exploring.
Done exploring.
Done exploring.
Done exploring.
No target in view!
No target in view!
No target in view!
No target in view!
No target in view!
No target in view!
No target in view!
No target in view!
Done exploring.
Done exploring.
As you read the scroll of identify {@r1}, it crumbles to dust.
E - a potion of ambrosia Drop what? 41/52 slots (_ for help) (? for menu, Esc to quit)
You drop a thick brass amulet. x2
You drop a runed bronze amulet.
As you read the scroll of identify {@r1}, it crumbles to dust.
i - a potion of resistance;
m - a potion of resistance
i - an amulet of harm (around neck)
As you read the scroll of identify {@r1}, it crumbles to dust.
J - a potion of cancellation
As you read the scroll labeled BUADOCHOFI, it crumbles to dust.
You speak a Word of immense power!
Your neqoxec convulses! x2
You kill your neqoxec!
It was a scroll of holy word.
Okay, then.
Done exploring.
Done exploring.
Done exploring.
Done exploring.
Done exploring.
Done exploring.
(D) Dungeon (T) Temple (L) Lair (O) Orcish Mines
Where to? (Enter - D:12, ? - help) Some of the chunks of flesh in your inventory have rotted away.
Your neqoxec is no longer dazed.
Things that are here:
a +0 giant club x2; a +0 dagger You see here 2 stones.
There is a stone staircase leading down here.
You climb downwards.
Your summoned ally is left behind. 7 hogs, a centaur warrior, Frances and Kirke come into view.
Kirke shouts!
The hog squeals angrily. x7; The centaur warrior shouts!
Found a ration, a bloodstained trident and 17 gold pieces.
There is a stone staircase leading up here.
You hit the hog but do no damage. You slash the hog!
You hit the hog but do no damage. The hog barely misses you.
You block the hog's attack. x2
There are monsters nearby!
There are monsters nearby!
There are monsters nearby!
You hit the hog.
The hog is almost dead.
You slash the hog! You barely miss the hog. The hog closely misses you.
You block the hog's attack. The hog bites you.
The centaur warrior hits you but does no damage.
You slash the hog!
You kill the hog!
Makhleb accepts your kill.
You feel better.
Your Invocations skill increases to level 11!
You slash the hog! You hit Frances. You slash the hog!
You hit the centaur warrior but do no damage.
Your plate armour prevents you from hitting the hog.
You block the hog's attack.
The hog bites you but does no damage. x2
The centaur warrior hits you.
Frances mutters in a terrible tongue.
The shard of ice hits you!! You partially resist. The hog barely misses you.
You hit the hog.
The hog is heavily wounded.
You completely miss the centaur warrior.
You slash Kirke!
Your plate armour prevents you from hitting the hog.
You closely miss the hog. You hit Frances. The hog closely misses you.
The centaur warrior hits you but does no damage.
The hog bites you but does no damage. You block the hog's attack.
The hog bites you but does no damage.
Frances screams a word of power!
The shard of ice hits you!! You partially resist.
You hit the hog but do no damage.
The hog is moderately wounded.
You slash the centaur warrior! You hit Kirke. You barely miss the hog. x2
You hit Frances. The centaur warrior closely misses you.
The hog bites you but does no damage. x2; The hog barely misses you.
The centaur warrior hits you but does no damage.
Frances mutters in a terrible tongue.
The shard of ice hits you!!! You partially resist.
You die...

* * * , , *
##.###### ,
*
#........,
, , ,
#$.......
***
#........ *
,
#........,*
* ,
#.....%, *
* , ##@h.#
* * * , * ,
#h@h.# ,
#c@hh#* , ,
##h...#* *
, #.....# ,
#....... *
* , *
#)..#.#.# ,
* #........
** ,
#...#.#.#
*, ,, ,, ,
, ,


You could see Frances, Kirke, a centaur warrior and 6 hogs.

Vanquished Creatures
  Erolcha (D:12)
  The ghost of Xinkuin the Basher, a journeyman FoFi of Ru (D:9)
  5 two-headed ogres
  An unseen horror (D:11)
  Pikel (D:4)
  A wizard (D:11)
  3 ugly things
  A cyclops (D:11)
  2 gargoyles
  3 trolls
  A queen bee (D:10)
  2 hippogriffs
  6 slime creatures (D:12)
  A meliai zombie (D:10)
  A wraith (D:10)
  12 yaks
  A hog (D:13)
  A hungry ghost (D:10)
  Edmund (D:6)
  An acid dragon (D:11)
  A soldier ant (D:12)
  Duvessa (D:7)
  A water moccasin (D:8)
  5 phantoms
  6 orc warriors
  5 sky beasts
  An eye of draining (D:12)
  An ice beast (D:11)
  8 ogres
  4 centaurs
  4 big kobolds
  2 bullfrogs
  Dowan (D:7)
  A wyvern skeleton (D:9)
  6 scorpions
  32 killer bees
  3 wights (D:10)
  3 howler monkeys
  2 bullfrog zombies
  4 crimson imps
  A quasit (D:9)
  10 hounds
  3 bullfrog skeletons
  8 orc priests
  A jelly (D:6)
  10 orc wizards
  2 centaur skeletons
  Natasha (D:3)
  8 worker ants
  3 iguanas
  A killer bee zombie (D:4)
  3 gnolls (D:4)
  16 adders
  3 river rats (D:4)
  3 shadow imps
  An adder zombie (D:9)
  2 worms (D:4)
  5 leopard geckos
  43 orcs
  5 bats
  2 giant cockroaches
  A hobgoblin (D:3)
  7 jackals
  3 quokkas
  2 ball pythons
  A frilled lizard (D:4)
  3 goblins (D:1)
  15 kobolds
  A leopard gecko skeleton (D:7)
  A quokka skeleton (D:5)
  4 rats
306 creatures vanquished.

Vanquished Creatures (collateral kills)
  A hydra (D:12)
1 creature vanquished.

Vanquished Creatures (others)
  An adder skeleton (D:4)
1 creature vanquished.

Grand Total: 308 creatures vanquished

Notes
Turn   | Place    | Note
-------+----------+-------------------------------------------
     0 | D:1      | EnegeticOcto the Deep Dwarf Fighter began the quest for the
                  | Orb.
     0 | D:1      | Reached XP level 1. HP: 20/20 MP: 1/1
   134 | D:2      | Reached XP level 2. HP: 22/27 MP: 2/2
   443 | D:3      | Noticed Natasha
   452 | D:3      | Reached XP level 3. HP: 31/34 MP: 2/2
   455 | D:3      | Killed Natasha
   455 | D:3      | Reached skill level 1 in Dodging
   548 | D:4      | Found an iron altar of Okawaru.
   556 | D:4      | Reached XP level 4. HP: 28/42 MP: 3/3
   603 | D:4      | Noticed an ogre
   613 | D:4      | Killed an ogre
   613 | D:4      | Reached XP level 5. HP: 35/50 MP: 4/4
   752 | D:4      | Reached XP level 6. HP: 48/57 MP: 5/5
   761 | D:4      | Noticed a slave
   762 | D:4      | Noticed a slave
   762 | D:4      | Noticed Pikel
   766 | D:4      | Noticed a slave
   773 | D:4      | Noticed a slave
   774 | D:4      | Killed Pikel
   774 | D:4      | Reached skill level 5 in Axes
   774 | D:4      | Reached XP level 7. HP: 27/66 MP: 6/6
   927 | D:4      | Reached skill level 5 in Fighting
  1451 | D:5      | Entered Level 5 of the Dungeon
  1466 | D:5      | Reached skill level 5 in Shields
  1527 | D:5      | Reached skill level 5 in Armour
  1527 | D:5      | Reached XP level 8. HP: 48/75 MP: 6/6
  1657 | D:5      | Found a staircase to the Ecumenical Temple.
  1692 | Temple   | Entered the Ecumenical Temple
  2117 | D:5      | Found an ornate altar of the Wu Jian Council.
  2129 | D:5      | Found a shimmering blue altar of Sif Muna.
  2146 | D:5      | Found a burning altar of Makhleb.
  2237 | D:5      | Became a worshipper of Makhleb the Destroyer
  2298 | D:5      | Found a shimmering altar of Xom.
  2391 | D:6      | Noticed Edmund
  2392 | D:6      | Reached skill level 1 in Invocations
  2421 | D:6      | Killed Edmund
  2430 | D:6      | Found a sacrificial altar of Ru.
  2642 | D:6      | Gained mutation: You passively map the area around you.
                  | [Deep Dwarf growth]
  2642 | D:6      | Reached XP level 9. HP: 39/84 MP: 6/8
  3294 | D:7      | Reached skill level 5 in Dodging
  3306 | D:7      | HP: 4/85 [ogre/+0 giant spiked club (24)]
  3319 | D:7      | Reached * piety under Makhleb
  3321 | D:7      | Reached skill level 5 in Invocations
  3475 | D:7      | Noticed Duvessa
  3492 | D:7      | Killed Duvessa
  3494 | D:7      | Noticed Dowan
  3504 | D:7      | Killed Dowan
  4017 | D:8      | Reached XP level 10. HP: 66/94 MP: 7/7
  4053 | D:8      | Noticed an ice statue
  4185 | D:8      | Noticed an obsidian statue
  5028 | D:9      | Reached ** piety under Makhleb
  5097 | D:9      | Found a runed translucent gate.
  5294 | D:9      | Noticed a two-headed ogre
  5301 | D:9      | Killed a two-headed ogre
  5418 | D:9      | Found a runed translucent gate.
  5418 | D:9      | Found a runed translucent gate.
  5425 | D:9      | Found Duyrriz's Jewellery Shop.
  5463 | D:9      | Noticed a two-headed ogre
  5482 | D:9      | Killed a two-headed ogre
  5528 | D:9      | Found an opulent altar of Gozag.
  5529 | D:9      | Noticed Xinkuin's ghost (journeyman FoFi)
  5577 | D:9      | Killed Xinkuin's ghost
  5718 | D:10     | Entered Level 10 of the Dungeon
  5723 | D:10     | Noticed a gargoyle
  5727 | D:10     | Reached XP level 11. HP: 101/104 MP: 9/9
  5734 | D:10     | Reached *** piety under Makhleb
  5766 | D:10     | Found a staircase to the Lair.
  5848 | D:10     | Noticed a two-headed ogre
  5871 | D:10     | Killed a two-headed ogre
  5997 | D:10     | Reached skill level 10 in Axes
  6473 | D:11     | Noticed a purple ugly thing
  6482 | D:11     | Reached **** piety under Makhleb
  6491 | D:11     | Killed a purple ugly thing
  6708 | D:11     | Noticed a two-headed ogre
  6711 | D:11     | Noticed a white ugly thing
  6738 | D:11     | Killed a two-headed ogre
  6746 | D:11     | Killed a white ugly thing
  6756 | D:11     | Killed an unseen horror
  6756 | D:11     | Reached skill level 10 in Invocations
  6886 | D:11     | Noticed a wizard
  6899 | D:11     | Killed a wizard
  6899 | D:11     | Reached XP level 12. HP: 91/115 MP: 8/8
  7256 | D:12     | Noticed Erolcha
  7262 | D:12     | Noticed a two-headed ogre
  7269 | D:12     | Reached ***** piety under Makhleb
  7275 | D:12     | Killed a two-headed ogre
  7284 | D:12     | Killed Erolcha
  7318 | D:12     | Found a staircase to the Orcish Mines.
  7462 | D:12     | Found a roughly hewn altar of Beogh.
  7618 | D:12     | Noticed a five-headed hydra
  7636 | D:12     | Killed a seven-headed hydra
  7776 | D:13     | Noticed Kirke
  7776 | D:13     | Noticed Frances
  7776 | D:13     | Noticed a centaur warrior
  7781 | D:13     | Killed from afar by Frances

Levels and vault maps discovered:
D:1:      psy_arrival_conway, layout_loops_corners, amethyst_killhole,
          minmay_worlds_worst_comb
D:2:      layout_basic, grunt_temple_overflow_forces_of_nature
D:3:      layout_basic, first_ration, grunt_ministairs_4, uniq_natasha,
          uniq_terence, uniq_robin
D:4:      layout_loops_corners, lightli_sewer_entry_pipes, st_stairs_8,
          okawaru_gym_becter, uniq_pikel
D:5:      layout_loops_ring, nicolae_overflow_quartered_altars,
          minmay_temple_entry_grid
D:6:      layout_basic, nicolae_ru_awakened_eye, uniq_edmund
D:7:      layout_cave_pools, uniq_duvessa
D:8:      minmay_separated_statues, layout_layer_cave
D:9:      layout_roguey, serial_shops, kennysheep_little_box,
          ebering_ghost_gozag
D:10:     layout_cave_pools, lair_entry_dummy, david_nohive_1
D:11:     layout_gridville, minmay_librarian
D:12:     layout_cross, minmay_orc_entry_temple_small, uniq_erolcha
D:13:     layout_small_grid, grunt_vaults_entry_fortified,
          serial_co_window_serial, co_window_paths_a, co_window_corner_a,
          co_window_cross_1, co_window_paths_b, co_window_paths_a,
          co_window_cross_3, co_window_broadway_a, co_window_paths_c,
          co_window_corner_b, co_window_4corner_a, co_window_4corner_b,
          glass_columns_b, glass_columns_a, kennysheep_generic_room_11,
          uniq_kirke, uniq_frances
Temple:   eino_temple_scatter_basement

Skill      XL: |  1  2  3  4  5  6  7  8  9 10 11 12 |
---------------+-------------------------------------+-----
Fighting       | 3 4 5 6 7 8 9 |  9.9
Axes           | 3 4 5 7 8 9 10 11 | 11.3
Dodging        | 1 2 3 4 5 6 7 |  7.9
Shields        | 4 5 6 7 8 |  8.6
Armour         | 4 5 6 7 8 |  8.6
Invocations    | 2 5 8 10 11 | 11.0

Action                   |  1- 3 |  4- 6 |  7- 9 | 10-12 || total
-------------------------+-------+-------+-------+-------++-------
Melee: War axe           |    68 |    82 |   419 |   688 ||  1257
Invok: Lesser Servant of |       |       |       |     4 ||     4
 Abil: Heal Wounds       |     1 |     2 |    22 |    48 ||    73
  Use: Scroll            |       |       |    17 |    10 ||    27
  Eat: Chunk             |       |       |    10 |    11 ||    21
       Ration            |       |       |       |     4 ||     4
Armor: Scale mail        |    57 |    34 |    37 |       ||   128
       Plate armour      |       |       |   147 |   445 ||   592
Dodge: Dodged            |    34 |    41 |   137 |   347 ||   559
Block: Kite shield       |    62 |    56 |   274 |   575 ||   967

Table legend:
 A = Non-vault XP
 B = Vault XP
 C = Vault XP percentage of total XP
 D = Non-vault monster count
 E = Vault monster count
 F = Vault count percentage of total count
                 A         B        C        D         E       F
            +---------+---------+-------+---------+---------+-------
      Total |   23416 |    5805 |  19.9 |     261 |      46 |  15.0
            +---------+---------+-------+---------+---------+-------
        D:1 |       5 |       0 |   0.0 |       3 |       0 |   0.0
        D:2 |      35 |       0 |   0.0 |      14 |       0 |   0.0
        D:3 |       7 |      36 |  83.7 |       4 |       1 |  20.0
        D:4 |     470 |     750 |  61.5 |      21 |       9 |  30.0
        D:5 |     835 |       0 |   0.0 |      18 |       0 |   0.0
        D:6 |     843 |     166 |  16.5 |      22 |       1 |   4.3
        D:7 |    1909 |     228 |  10.7 |      32 |       2 |   5.9
        D:8 |     911 |       0 |   0.0 |      11 |       0 |   0.0
        D:9 |    3433 |    1241 |  26.6 |      35 |       5 |  12.5
       D:10 |    3655 |    1224 |  25.1 |      31 |      16 |  34.0
       D:11 |    6609 |     666 |   9.2 |      41 |       1 |   2.4
       D:12 |    4704 |    1309 |  21.8 |      29 |      10 |  25.6
       D:13 |       0 |     185 | 100.0 |       0 |       1 | 100.0
            +---------+---------+-------+---------+---------+-------
